 Dungeon Crawl Stone Soup version 0.27-a0-695-gb4952372f7 (webtiles) character file.

Game seed: 2072377272549819372

852 DasRunzen the Conjurer (level 7, -11/57 HPs)
             Began as a Demigod Conjurer on Mar 22, 2021.
             Killed from afar by Maggie (25 damage)
             ... with a bolt of fire
             ... on level 8 of the Dungeon.
             The game lasted 00:11:18 (6370 turns).

DasRunzen the Conjurer (Demigod Conjurer)           Turns: 6370, Time: 00:11:18

Health: -11/57     AC:  5    Str: 16    XL:     7   Next: 41%
Magic:  0/15       EV: 17    Int: 20    God:
Gold:   251        SH:  0    Dex: 12    Spells: 10/13 levels left

rFire    . . .     SeeInvis .   b - +1 hand axe (elec)
rCold    . . .     Faith    .   (no shield)
rNeg     . . .     Spirit   .   a - +0 robe
rPois    .         Reflect  .   (no helmet)
rElec    .         Harm     .   (no cloak)
rCorr    .         Rampage  .   k - +2 pair of gloves
Will     .....                  (no boots)
Stlth    ++........             (no amulet)
HPRegen  0.19/turn              l - +4 ring of evasion
MPRegen  0.14/turn              (no ring)

@: mesmerised
A: high mp 1, forlorn
a: no special abilities


You were on level 8 of the Dungeon.
You visited 1 branch of the dungeon, and saw 6 of its levels.

You collected 251 gold pieces.

Inventory:

Hand Weapons
 b - a +1 hand axe of electrocution (weapon)
Armour
 a - a +0 robe (worn)
 k - a +2 pair of gloves (worn)
Magical Staves
 o - a staff of poison
Jewellery
 l - a +4 ring of evasion (right hand)
Wands
 g - a wand of charming (7)
 n - a wand of random effects (21)
Scrolls
 c - 2 scrolls of teleportation
 h - a scroll of fear
 j - a scroll of magic mapping
 p - a scroll of enchant weapon {unknown}
Potions
 d - 2 potions of flight
 e - a potion of resistance
 f - a potion of haste
 i - a potion of curing
 m - a potion of lignification {unknown}


   Skills:
 + Level 3.2 Fighting
 + Level 3.3 Armour
 + Level 3.9 Dodging
 - Level 1.7 Stealth
 + Level 3.6 Spellcasting
 + Level 5.0 Conjurations


You had 10 spell levels left.
You knew the following spells:

 Your Spells              Type           Power      Damage    Failure   Level
a - Magic Dart            Conj           92%        1d7       1%          1
b - Searing Ray           Conj           46%        3d4       2%          2

Your spell library contained the following spells:

 Spells                   Type           Power      Damage    Failure   Level
 Corona                   Hex            3%         N/A       14%         1
 Dazzling Flash           Conj/Hex       26%        N/A       14%         3
 Ensorcelled Hibernation  Hex/Ice        6%         N/A       21%         2
 Confusing Touch          Hex            3%         N/A       38%         3
 Tukima's Dance           Hex            3%         N/A       38%         3
 Fulminant Prism          Conj/Hex       6%         3d7       43%         4
 Iskenderun's Mystic Bla  Conj/Tloc      13%        2d5       43%         4


Dungeon Overview and Level Annotations

Branches:
Dungeon (5/15)             Temple (0/1) D:4

Annotations:
D:3 2 transporters, celly00's ghost, amateur HOFi
D:8 Maggie


Innate Abilities, Weirdness & Mutations

Your attributes grow dramatically as you level up.
You have an increased reservoir of magic. (+10% MP)
You shall have no god before yourself.


Message History

Maggie casts a spell.
Maggie draws you further into her thrall.
The searing ray hits Maggie.
Maggie is severely wounded.
Maggie hits you from afar with a +1 glaive of flaming!
* * * LOW HITPOINT WARNING * * *
Maggie burns you.
* * * LOW HITPOINT WARNING * * *
The searing ray hits Maggie.
Maggie is severely wounded.
Maggie closely misses you.
The searing ray hits Maggie!
Maggie is almost dead.
You finish channeling your searing ray.
Maggie completely misses you.
You feel better. Maggie barely misses you.
Casting: Searing Ray (safe; 2% risk of failure)
Confirm with . or Enter, or press ? or * to list all spells.
Aiming: Magic Dart (safe; 1% risk of failure)
Press: ? - help, Shift-Dir - straight line, f/p - Maggie
Aim: Maggie, wielding a +1 glaive of flaming and wearing +0 swamp dragon scales (almost dead, mesmerising, 0% to evade)
The magic dart hits Maggie.
Maggie is almost dead.
Maggie gestures at you while chanting. The bolt of fire misses you.
Maggie barely misses you.
Found a scroll of identify.
Casting: Magic Dart (safe; 1% risk of failure)
Confirm with . or Enter, or press ? or * to list all spells.
Aiming: Magic Dart (safe; 1% risk of failure)
Press: ? - help, Shift-Dir - straight line, f/p - Maggie
Aim: Maggie, wielding a +1 glaive of flaming and wearing +0 swamp dragon scales (almost dead, mesmerising, 0% to evade)
The magic dart hits Maggie but does no damage.
Maggie is almost dead.
Maggie closely misses you.
You hit Maggie.
Maggie is almost dead.
Maggie barely misses you. Maggie casts a spell at you.
The bolt of fire hits you!!
You die...

######### ........#
#######.# #.# # ### ###
#.# #.#....? #.# #.#.#.#
#.# #..@..# #.# #@#
####.# #.# #....# #.##
#.#### #..## ##.##
##..##
###...###########...####
.<.....................+
.##...###########...####
.###..# #..##


You could see Maggie (mesmerising).

Vanquished Creatures
  Edmund (D:4)
  A necrophage (D:8)
  An ogre (D:4)
  A centaur (D:8)
  A kobold brigand (D:2)
  A jelly (D:5)
  2 orc priests (D:4)
  A hound (D:8)
  Jessica (D:2)
  2 orc wizards (D:4)
  A mummy (D:4)
  3 gnolls (D:3)
  A howler monkey skeleton (D:4)
  7 adders
  A shadow imp (D:8)
  3 oozes
  A leopard gecko (D:4)
  4 orcs
  A ball python (D:4)
  10 bats
  5 giant cockroaches
  14 goblins
  7 hobgoblins
  9 jackals
  7 frilled lizards
  2 hobgoblin zombies (D:4)
  10 kobolds
  A kobold zombie (D:4)
  An orc zombie (D:4)
  13 rats
113 creatures vanquished.

Notes
Turn   | Place    | Note
-------+----------+-------------------------------------------
     0 | D:1      | DasRunzen the Demigod Conjurer began the quest for the Orb.
     0 | D:1      | Reached XP level 1. HP: 14/14 MP: 5/5
   307 | D:1      | Reached XP level 2. HP: 22/22 MP: 1/7
   310 | D:1      | Learned a level 2 spell: Searing Ray
  1179 | D:2      | Reached XP level 3. HP: 18/27 MP: 8/8
  1188 | D:2      | Reached skill level 1 in Fighting
  1188 | D:2      | Reached skill level 1 in Armour
  1569 | D:2      | Noticed a kobold brigand
  1579 | D:2      | Killed a kobold brigand
  1580 | D:2      | Reached skill level 4 in Conjurations
  1580 | D:2      | Reached XP level 4. HP: 23/35 MP: 1/10
  2473 | D:2      | Noticed Jessica
  2477 | D:2      | Killed Jessica
  2478 | D:2      | Reached XP level 5. HP: 41/41 MP: 7/11
  3276 | D:3      | Noticed celly00's ghost (amateur HOFi)
  3351 | D:3      | Found a transporter.
  3552 | D:3      | Found a transporter.
  4671 | D:4      | Reached XP level 6. HP: 21/48 MP: 1/13
  4954 | D:4      | Noticed Edmund
  4967 | D:4      | Killed Edmund
  5591 | D:4      | Reached XP level 7. HP: 53/56 MP: 15/15
  5763 | D:4      | Found a staircase to the Ecumenical Temple.
  5793 | D:5      | Entered Level 5 of the Dungeon
  5906 | D:5      | You fall into a shaft and drop 3 floors!
  6046 | D:8      | Reached skill level 5 in Conjurations
  6350 | D:8      | Noticed Maggie
  6370 | D:8      | Killed from afar by Maggie

Illustrated notes

Levels and vault maps discovered:
D:1:      ncdulo_lavacross, layout_basic
D:2:      layout_loops_cross, nicolae_uskayaw_dance_studio,
          nicolae_overflow_crystal_walls, grunt_ministairs_6,
          minmay_crystal_water, uniq_jessica
D:3:      layout_basic, gammafunk_ghost_stat_death,
          chequers_serial_rivers_large_b
D:4:      layout_rooms, temple_hall, minmay_mini_ossuary, uniq_edmund
D:5:      layout_basic, overflow_temple_1_default,
          ebering_ghost_reflecting_pool, uniq_menkaure
D:8:      layout_loops_corners, overflow_temple_1_default, uniq_maggie

Skill      XL: |  1  2  3  4  5  6  7 |
---------------+----------------------+-----
Dodging        | 2 3 |  3.9
Spellcasting   | 2 3 |  3.6
Fighting       | 1 2 3 |  3.2
Armour         | 1 2 3 |  3.3
Conjurations   | 4 5 |  5.0
Stealth        | |  1.7

Action                   |  1- 3 |  4- 6 |  7- 9 || total
-------------------------+-------+-------+-------++-------
Melee: Hand axe          |    59 |   127 |    18 ||   204
 Cast: Magic Dart        |    20 |       |     2 ||    22
       Searing Ray       |     4 |    17 |     8 ||    29
  Use: Scroll            |     2 |     4 |     3 ||     9
       Potion            |       |       |     1 ||     1
 Stab: Sleeping          |     1 |     6 |     2 ||     9
Armor: Robe              |    14 |    20 |     6 ||    40
Dodge: Dodged            |    51 |    94 |    26 ||   171

Table legend: (Time is in decaauts)
 A = Elapsed time spent in this place.
 B = Non-inter-level travel time spent in this place.
 C = Inter-level travel time spent in this place.
 D = Time resting spent in this place.
 E = Time spent auto-exploring this place.
 F = Levels seen in this place.
 G = Mean time per level.
                   A        B        C        D        E       F      G
               +--------+--------+--------+--------+--------+-----+--------+
         Total |   6459 |   6335 |    124 |    910 |   4701 |   6 | 1076.5 |
       Dungeon |   6459 |   6335 |    124 |    910 |   4701 |   6 | 1076.5 |
               +--------+--------+--------+--------+--------+-----+--------+

Top non-repeatable levels by time:
     D:2: 2056 daAuts
     D:3: 1461 daAuts
     D:4: 1187 daAuts
     D:1: 1173 daAuts
     D:8: 466 daAuts
     D:5: 113 daAuts
